 Dungeon Crawl Stone Soup version 0.20-a0-738-gb057e68 (webtiles) character file.

3544 Sellout the Fighter (level 9, -2/75 HPs)
             Began as a Demonspawn Wanderer on Feb 24, 2017.
             Was a Follower of Wu Jian.
             Slain by Menkaure (13 damage)
             ... on level 7 of the Dungeon.
             The game lasted 00:27:13 (10038 turns).

Sellout the Fighter (Demonspawn Wanderer)          Turns: 10038, Time: 00:27:14

Health: -2/75      AC: 12    Str: 17    XL:     9   Next: 82%
Magic:  12/12      EV: 10    Int: 17    God:    Wu Jian [*.....]
Gold:   554        SH:  0    Dex:  8    Spells: 8/8 levels left

rFire    + . .     SeeInvis .   a - +2 dagger
rCold    . . .     Gourm    .   r - +0 ring mail
rNeg     . . .     Faith    .   (no shield)
rPois    .         Spirit   .   (no helmet)
rElec    .         Reflect  .   (no cloak)
rCorr    .         Harm     .   l - +1 pair of gloves
MR       .....     Clarity  +   (no boots)
Stlth    +.........             g - amulet of rage
Regen    0.3/turn               (no ring)
MPRegen  0.2/turn               (no ring)

@: no status effects
A: talons 1, molten scales 2, clarity, clumsy 1, fire resistance 1, strong 1,
wild magic 1, flame cloud immunity
a: Renounce Religion, Evoke Berserk Rage


You were on level 7 of the Dungeon.
You worshipped Wu Jian.
Wu Jian was aware of your devotion.
You were hungry.

You visited 2 branches of the dungeon, and saw 8 of its levels.

You collected 554 gold pieces.

Inventory:

Hand Weapons
 a - a +2 dagger (weapon)
 c - a +0 hand axe
 d - a +0 mace
 s - a +4 spear
 B - a +3 spear
Armour
 e - a +0 robe
 h - a +0 leather armour
 l - a +1 pair of gloves (worn)
 r - a +0 ring mail (worn)
Jewellery
 g - an amulet of rage (around neck)
Wands
 b - a wand of polymorph (3/24)
 y - a wand of digging (20/24)
Scrolls
 i - 4 scrolls of remove curse
 k - 2 scrolls of teleportation
 n - 2 scrolls of blinking
 x - 2 scrolls of identify
Potions
 o - a potion of invisibility
 p - a potion of might
 q - 2 potions of curing
 z - a potion of flight
Comestibles
 j - 2 meat rations
 u - 4 fruits
 v - 3 royal jellies


   Skills:
 - Level 8.7 Fighting
 * Level 6.0 Short Blades
 - Level 1.0 Maces & Flails
 - Level 8.0 Armour
 - Level 1.7 Stealth
 - Level 5.1 Evocations


You had 8 spell levels left.
You didn't know any spells.

Dungeon Overview and Level Annotations

Branches:
Dungeon (7/15)             Temple (1/1) D:5

Altars:
Cheibriados
Dithmenos
Fedhas
Gozag
Kikubaaqudgha
Makhleb
Okawaru
Uskayaw
Vehumet
Wu Jian
Yredelemnul
The Shining One

Shops:
D:7 %

Annotations:
D:7 Joseph, Menkaure


Innate Abilities, Weirdness & Mutations

You have sharp toenails.
You are mostly covered in molten scales. (AC +3)
Your flesh is heat resistant. (rF+)
You are immune to clouds of flame.
You possess an exceptional clarity of mind.
You are clumsy. (Dex -2)
Your muscles are strong. (Str +2)
Your spells are a little harder to cast, but a little more powerful.


Message History

* * * LOW HITPOINT WARNING * * *
You spin and attack Menkaure.
You hit Menkaure.
Menkaure is almost destroyed.
You feel better. Menkaure closely misses you.
You spin and attack Menkaure.
You barely miss Menkaure. You claw Menkaure, but do no damage.
Menkaure is almost destroyed.
Menkaure casts a spell at you. Pain shoots through your body!
* * * LOW HITPOINT WARNING * * *
You spin and attack Menkaure repeatedly!
You hit Menkaure but do no damage.
Menkaure is almost destroyed.
You hit Menkaure but do no damage.
Menkaure is almost destroyed.
Menkaure closely misses you.
You spin and attack Menkaure.
You hit Menkaure but do no damage.
Menkaure is almost destroyed.
Menkaure hits you!
You die...

.....#####..##...#......#...#
.....#...........#......#.).#
.....#...........#......'...#
.....#...........#......##'###
.....#..........(#...........#
.....#...#########...........#
....##...#........######.....#
....#....#........# #.....#
....#....#......@:# #.....#
....#....#......M.# #.....#
....#....#........# #.....#
....######........# #.....#
##### ########## #######


You could see Menkaure.

Vanquished Creatures
  The ghost of Carthus the Skirmisher, an amateur DsWn of Wu Jian (D:4)
  Grinder (D:6)
  A hippogriff (D:7)
  Sigmund (D:5)
  A steam dragon (D:4)
  A hungry ghost (D:7)
  2 water moccasins
  An ice beast (D:5)
  An ogre (D:7)
  A phantom (D:5)
  3 sky beasts
  A centaur (D:7)
  2 big kobolds (D:3)
  A bullfrog (D:7)
  2 scorpions
  5 killer bees (D:7)
  The ghost of Arkorax the Chopper, a weakling DsGl (D:3)
  3 howler monkeys (D:7)
  4 crimson imps
  2 hounds
  2 bullfrog skeletons
  A jelly (D:5)
  A centaur skeleton (D:5)
  4 orc wizards
  Jessica (D:2)
  An iguana (D:5)
  8 worker ants
  A hound skeleton (D:4)
  9 gnolls
  A howler monkey skeleton (D:7)
  9 adders
  An ooze (D:2)
  2 worms
  A dart slug (D:1)
  4 leopard geckos
  17 orcs
  7 giant cockroaches
  34 goblins
  21 hobgoblins
  12 jackals
  3 quokkas
  2 ball pythons
  4 bats
  9 frilled lizards
  A jackal skeleton (D:7)
  10 kobolds
  2 leopard gecko skeletons (D:4)
  A leopard gecko zombie (D:5)
  A quokka skeleton (D:5)
  3 rats
208 creatures vanquished.

Vanquished Creatures (others)
  An orc wizard (D:4)
1 creature vanquished.

Grand Total: 209 creatures vanquished

Notes
Turn   | Place    | Note
-------+----------+-------------------------------------------
     0 | D:1      | Sellout the Demonspawn Wanderer began the quest for the Orb.
     0 | D:1      | Sellout set off with: a +2 dagger, a potion of berserk rage, a +0 hand axe, a +0 mace, a +0 robe, a bread ration
     0 | D:1      | Reached XP level 1. HP: 18/18 MP: 1/1
   185 | D:1      | Gained mutation: You are partially covered in molten scales. (AC +2) [demonic ancestry]
   185 | D:1      | Reached XP level 2. HP: 24/24 MP: 2/2
   889 | D:2      | Reached XP level 3. HP: 16/30 MP: 3/3
  1332 | D:2      | Noticed Jessica
  1373 | D:2      | Killed Jessica
  1373 | D:2      | Reached skill level 5 in Fighting
  1373 | D:2      | Gained mutation: You are mostly covered in molten scales. (AC +3) [demonic ancestry]
  1373 | D:2      | Reached XP level 4. HP: 17/39 MP: 4/4
  1852 | D:3      | Found a radiant altar of Vehumet.
  1862 | D:3      | Found a blossoming altar of Fedhas.
  1991 | D:3      | Noticed Arkorax's ghost (weakling DsGl)
  1998 | D:3      | Gained mutation: You possess an exceptional clarity of mind. [potion of mutation]
  1998 | D:3      | Gained mutation: Your muscles are strong. (Str +2) [potion of mutation]
  1998 | D:3      | Gained mutation: You are clumsy. (Dex -2) [potion of mutation]
  1998 | D:3      | Gained mutation: Your spells are a little harder to cast, but a little more powerful. [potion of mutation]
  2006 | D:3      | Killed Arkorax's ghost
  2010 | D:3      | Gained mutation: Your flesh is heat resistant. (rF+) [demonic ancestry]
  2010 | D:3      | Reached XP level 5. HP: 28/46 MP: 5/5
  2274 | D:3      | Found a snail-covered altar of Cheibriados.
  2980 | D:3      | Reached XP level 6. HP: 26/55 MP: 6/6
  3274 | D:3      | Found a shadowy altar of Dithmenos.
  3447 | D:4      | Noticed Carthus's ghost (amateur DsWn)
  3791 | D:4      | Killed Carthus's ghost
  3791 | D:4      | Gained mutation: You are immune to clouds of flame. [demonic ancestry]
  3791 | D:4      | Reached XP level 7. HP: 60/60 MP: 6/9
  3823 | D:4      | Noticed a steam dragon
  3849 | D:4      | Killed a steam dragon
  3874 | D:4      | Reached skill level 5 in Evocations
  4393 | D:5      | Entered Level 5 of the Dungeon
  4477 | D:5      | Reached XP level 8. HP: 12/67 MP: 11/11
  4835 | D:5      | Found a burning altar of Makhleb.
  4884 | D:5      | Noticed Sigmund
  4915 | D:4      | Reached skill level 5 in Armour
  5112 | D:5      | Killed Sigmund
  5538 | D:5      | Found a staircase to the Ecumenical Temple.
  5585 | Temple   | Entered the Ecumenical Temple
  5660 | Temple   | Became a worshipper of the Wu Jian Council
  6439 | D:6      | Noticed Grinder
  6702 | D:6      | Paralysed by Grinder for 4 turns
  6708 | D:6      | Killed Grinder
  6853 | D:6      | Gained mutation: You have sharp toenails. [demonic ancestry]
  6853 | D:6      | Reached XP level 9. HP: 75/75 MP: 12/12
  7104 | D:6      | Reached skill level 1 in Short Blades
  7703 | D:7      | Found Dirphugyu's Food Boutique.
  8323 | D:7      | Reached * piety under Wu Jian
  8375 | D:7      | Noticed Joseph
  9353 | D:7      | Reached skill level 5 in Short Blades
 10018 | D:7      | Noticed Menkaure
 10038 | D:7      | Slain by Menkaure

Vault maps used:
D:1:      tarquinn_simple_flora_water_e, supply_closet_lemuel,
          minmay_misc_feat_encased
D:2:      cheibrodos_helix_gallery, minivault_11, minmay_split_cup_small,
          uniq_jessica
D:3:      minmay_goblin_kobold_castle, nicolae_overflow_quartered_altars,
          first_bread
D:5:      temple_hall, bloody_makhleb, uniq_sigmund
D:6:      uniq_grinder
D:7:      serial_shops, nicolae_shop_temple_entry_statues_fountains,
          uniq_menkaure, uniq_joseph
Temple:   regret_index_temple_generic_petals

Skill      XL: |  1  2  3  4  5  6  7  8  9 |
---------------+----------------------------+-----
Fighting       | 4 5 7 8 |  8.7
Evocations     | 3 5 |  5.1
Armour         | 4 7 8 |  8.0
Short Blades   | 6 |  6.0
Maces & Flails | |  1.0
Stealth        | |  1.7

Action                   |  1- 3 |  4- 6 |  7- 9 || total
-------------------------+-------+-------+-------++-------
Melee: Dagger            |   152 |    58 |   229 ||   439
       Unarmed           |    19 |     2 |       ||    21
       Spear             |       |   237 |   511 ||   748
       Kick              |       |       |    83 ||    83
 Abil: Evoke Berserk Rag |       |     3 |     3 ||     6
  Use: Potion            |     4 |     4 |     8 ||    16
       Scroll            |       |       |    11 ||    11
 Stab: Sleeping          |     2 |       |       ||     2
       Invisible         |     3 |       |       ||     3
  Eat: Chunk             |     1 |     8 |     8 ||    17
       Bread ration      |       |     1 |     4 ||     5
       Meat ration       |       |       |     1 ||     1
Armor: Leather armour    |    48 |       |       ||    48
       Ring mail         |    28 |   102 |   320 ||   450
       Skin              |       |    50 |       ||    50
Dodge: Dodged            |   113 |   154 |   309 ||   576
